 Dungeon Crawl Stone Soup version 0.14-a0-1522-g6c286a4 (webtiles) character file.

251 4tharraofdagon the Skirmisher (level 4, -11/37 HPs)
             Began as a Demonspawn Fighter on Dec 17, 2013.
             Mangled by mopl's ghost (12 damage)
             ... on Level 5 of the Dungeon.
             The game lasted 00:05:53 (1168 turns).

4tharraofdagon the Skirmisher (Demonspawn Fighter)  Turns: 1168, Time: 00:05:53

HP -11/37        AC  7     Str 18      XL: 4   Next: 50%
MP   4/4         EV  6     Int  9      God:
Gold 149         SH 18     Dex 12      Spells:  0 memorised,  3 levels left

rFire  + . .     SeeInvis .     g - +2,+1 short sword (drain)
rCold  + . .     Clarity  .     w - +0 scale mail
rNeg   . . .     Conserve .     c - +0 shield
rPois  +         rCorr    .     (no helmet)
rElec  +         rRot     .     (no cloak)
SustAb . .       Spirit   .     (no gloves)
rMut   .         Warding  .     (no boots)
Saprov . . .     Stasis   .     (no amulet)
                                (no ring)
                                (no ring)

@: very slightly contaminated, slightly resistant to hostile enchantments,
extremely unstealthy
A: claws 1, rugged brown scales 1
a: no special abilities


You were on level 5 of the Dungeon.
You were not hungry.

You visited 1 branch of the dungeon, and saw 5 of its levels.

You collected 149 gold pieces.

Inventory:

Hand weapons
 a - a +0,+0 falchion
 g - a +2,+1 short sword of draining (weapon)
 o - a -1,+3 orcish dagger
 z - a +0,+0 scimitar
Armour
 b - a +0 scale mail
 c - a +0 shield (worn)
 w - a +0 scale mail (worn)
 y - a +0 buckler
Comestibles
 d - 3 bread rations
 f - an apple
 j - 2 chunks of human flesh
 q - a royal jelly
 v - a lemon
 C - a meat ration
Scrolls
 e - a scroll of enchant weapon II {unknown}
 h - 2 scrolls of curse weapon {unknown}
 i - 5 scrolls of remove curse {unknown}
 k - 2 scrolls of identify {unknown}
 l - 2 scrolls of fog {unknown}
 m - 3 scrolls of fear {unknown}
 n - 2 scrolls of magic mapping {unknown}
 r - a scroll of enchant armour {unknown}
 s - 2 scrolls of curse jewellery {unknown}
 x - a scroll of recharging {unknown}
 A - a scroll of enchant weapon I {unknown}
Potions
 p - 2 potions of poison
 t - a potion of flight


   Skills:
 + Level 3.6 Fighting
 * Level 2.9 Long Blades
 + Level 3.1 Armour
 + Level 3.3 Shields


You had 3 spell levels left.
You didn't know any spells.

Dungeon Overview and Level Annotations

Branches:
Dungeon (5/16)
 Temple: D:4-7

Altars:
Ashenzari
Trog

Annotations:
D:3 4tharraofdagon's ghost, weakling DgFE
D:5 mopl's ghost, average MiFi


Innate Abilities, Weirdness & Mutations

You have sharp fingernails.
You are partially covered in rugged brown scales (AC +1, +3% HP).


Message History

Drink which item? (? for menu, Esc to quit)
Okay, then.
Your extra speed is starting to run out.
You feel yourself slow down.
Mopl's ghost (average Minotaur Fighter) comes into view.
Mopl's ghost turns its malevolent gaze towards you.
Press: ? - help, v - describe, . - travel
Here: mopl's ghost The floor.
Unknown command.
You hear the rapid hiss of an avalanche of sand, a long way away.
There is a stone staircase leading down here.
Mopl's ghost whispers, "Death doesn't hurt.
What you feel is life." Mopl's ghost hits you!
* * * LOW HITPOINT WARNING * * *
Mopl's ghost wails, "They lied to you.
The Dungeon just goes down and down forever."
Mopl's ghost whispers, "There is no future for you."
There is a stone staircase leading up here.
Mopl's ghost hits you!
You die...

... #.# #.# #.#
#.# #.# #.#
######.# #.....@#
#.####p#
#........#.#
#..#####.#.# #.
#.#.# # #..>#
##.#O####.#.#
#.####.#.........#
#..[....#.####.###


You could see an ogre and mopl's ghost.

Vanquished Creatures
  Sigmund (D:5)
  A sky beast (D:4)
  5 adders
  A giant gecko (D:4)
  A ball python (D:2)
  3 bats
  6 goblins
  3 hobgoblins
  7 kobolds
  3 rats
31 creatures vanquished.

Notes
Turn   | Place    | Note
--------------------------------------------------------------
     0 | D:1      | 4tharraofdagon, the Demonspawn Fighter, began the quest for the Orb.
     0 | D:1      | Reached XP level 1. HP: 18/18 MP: 1/1
   117 | D:2      | Gained mutation: You have sharp fingernails. [demonic ancestry]
   117 | D:2      | Reached XP level 2. HP: 24/24 MP: 2/2
   282 | D:2      | Gained mutation: You are partially covered in rugged brown scales (AC +1, +3% HP). [demonic ancestry]
   282 | D:2      | Reached XP level 3. HP: 15/29 MP: 3/3
   317 | D:2      | Paralysed by a potion of paralysis for 4 turns
   451 | D:3      | Found a bloodstained altar of Trog.
   453 | D:3      | Noticed a wizard
   514 | D:3      | Noticed 4tharraofdagon's ghost (weakling DgFE)
   653 | D:4      | Noticed a sky beast
   684 | D:4      | Killed a sky beast
   684 | D:4      | Reached XP level 4. HP: 18/36 MP: 4/4
   716 | D:4      | Found a shattered altar of Ashenzari.
  1049 | D:5      | Entered Level 5 of the Dungeon
  1078 | D:5      | Noticed Sigmund
  1107 | D:5      | Killed Sigmund
  1135 | D:5      | Noticed an ogre
  1154 | D:5      | Noticed mopl's ghost (average MiFi)
  1164 | D:5      | HP: 1/37 [mopl's ghost (8)]
  1168 | D:5      | Mangled by mopl's ghost

Action                   |  1- 3 |  4- 6 || total
-------------------------+-------+-------++-------
Melee: Falchion          |    13 |       ||    13
       Short sword       |    72 |    10 ||    82
       Scimitar          |       |    19 ||    19
  Use: Potion            |    10 |     4 ||    14
